 Dungeon Crawl Stone Soup version 0.30-a0-950-gbf40cfac39 (webtiles) character file.

Game seed: 17546949500977735029

4129 112233 the Nimble (level 10, -1/77 HPs)
             Began as a Human Air Elementalist on Mar 27, 2023.
             Was a Follower of Vehumet.
             Slain by a killer bee (8 damage)
             ... on level 9 of the Dungeon.
             The game lasted 00:10:35 (11242 turns).

112233 the Nimble (Human Air Elementalist)         Turns: 11242, Time: 00:10:36

Health: -1/77      AC:  3    Str:  8    XL:     10   Next: 51%
Magic:  4/21       EV: 19    Int: 20    God:    Vehumet [*.....]
Gold:   555        SH:  0    Dex: 20    Spells: 17/24 levels left

rFire   . . .      SeeInvis .    v - +5 Force Lance {heavy, knockback}
rCold   . . .      Faith    +    (no shield)
rNeg    . . .      Spirit   .    a - +0 robe
rPois   .          Reflect  .    j - +0 helmet
rElec   .          Rampage  .    (no cloak)
rCorr   .                        (no gloves)
Will    +....                    (no boots)
Stlth   ++                       t - amulet of faith
HPRegen 0.32/turn                k - +6 ring of dexterity
MPRegen 0.17/turn                y - ring of willpower

@: mighty, flying, hasted, studying Dodging, very quick
A: no striking features
a: Renounce Religion


You were on level 9 of the Dungeon.
You worshipped Vehumet.
Vehumet was aware of your devotion.
You visited 2 branches of the dungeon, and saw 10 of its levels.

You collected 555 gold pieces.

Inventory:

Hand Weapons
 h - a +0 falchion
 n - a +0 dagger of freezing
 v - the +5 Force Lance (weapon) {heavy, knockback}
   (You took it off an orc on level 4 of the Dungeon)
Missiles
 o - 6 curare-tipped darts
Armour
 a - a +0 robe (worn)
 j - a +0 helmet (worn)
 m - the +2 ring mail "Eplis" {rC+ Regen+}
   (You found it on level 2 of the Dungeon)

   rC:        It protects you from cold.
   Regen:     It increases your rate of health regeneration.
 r - a scarf of harm
 F - a +0 troll leather armour
Jewellery
 k - a +6 ring of dexterity (left hand)
 t - an amulet of faith (around neck)
 y - a ring of willpower (right hand)
Wands
 d - a wand of digging (8)
 D - a wand of mindburst (11)
Scrolls
 b - a scroll of noise {unknown}
 c - a scroll of teleportation {unknown}
 e - a scroll of immolation {unknown}
 f - a scroll of poison
 g - 2 scrolls of vulnerability
 i - 7 scrolls of identify
 l - 3 scrolls of magic mapping
 p - 3 scrolls of blinking
 u - a scroll of enchant weapon {unknown}
 x - a scroll of amnesia
 C - a scroll of fog {unknown}
Potions
 q - 3 potions of attraction
 s - 2 potions of magic
 w - a potion of might
 z - a potion of haste


   Skills:
 + Level 6.7 Fighting
 + Level 10.1 Dodging
 - Level 2.1 Stealth
 * Level 7.8 Spellcasting
 - Level 1.2 Conjurations
 + Level 7.5 Air Magic


You had 17 spell levels left.
You knew the following spells:

 Your Spells              Type           Power      Damage    Failure   Level
a - Shock                 Conj/Air       100%       1d9       1%          1
b - Static Discharge      Conj/Air       50%        2-5/arc   2%          2
c - Airstrike             Air            19%        2d(3-19)  3%          4

Your spell library contained the following spells:

 Spells                   Type           Power      Damage    Failure   Level
 Kiss of Death            Conj/Necr      40%        2d8       7%          1
 Swiftness                Air            38%        N/A       1%          3
 Poisonous Vapours        Pois/Air       44%        N/A       2%          2
 Cigotuvi's Dreadful Rot  Necr/Pois/Air  34%        N/A       4%          2
 Mephitic Cloud           Conj/Pois/Air  19%        N/A       8%          3
 Beastly Appendage        Tmut           14%        N/A       9%          1
 Ensorcelled Hibernation  Hex/Ice        14%        N/A       13%         2
 Passwall                 Tmut/Erth      5%         N/A       13%         2
 Wereblood                Tmut           7%         N/A       13%         2
 Spider Form              Tmut/Pois      7%         N/A       26%         3
 Cause Fear               Hex            3%         N/A       65%         4
 Conjure Ball Lightning   Conj/Air       12%        3x3d6     91%         6
 Dragon Form              Tmut           3%         N/A       100%        7
 Discord                  Hex            3%         N/A       100%        8
 Disjunction              Tloc           3%         N/A       100%        8
 Dragon's Call            Summ           3%         N/A       100%        9


Dungeon Overview and Level Annotations

Branches:
Dungeon (9/15)             Temple (1/1) D:7
   Lair: D:8-11         Orc: D:9-12

Altars:
Ashenzari
Cheibriados
Dithmenos
Elyvilon
Fedhas
Gozag
Hepliaklqana
Kikubaaqudgha
Makhleb
Nemelex Xobeh
Okawaru
Qazlal
Ru
Sif Muna
Trog
Uskayaw
Vehumet
Wu Jian
Xom
Yredelemnul
Zin
The Shining One

Shops:
D:1 *

Annotations:
D:5 exclusion: 2 downstairs
D:7 exclusion: downstairs


Message History

The killer bee completely misses you.
Casting: Shock (safe; 1% risk of failure)
Confirm with . or Enter, or press ? or * to list all spells.
Aiming: Airstrike (dangerous; 3% risk of failure)
Press: ? - help, Dir - move target, f - killer bee
Aim: a killer bee (lightly wounded, empty space bonus: 5/8)
The air twists around and strikes the killer bee.
The killer bee is moderately wounded.
The killer bee barely misses you.
Unknown command.
Casting: Airstrike (dangerous; 3% risk of failure)
Confirm with . or Enter, or press ? or * to list all spells.
Aiming: Airstrike (dangerous; 3% risk of failure)
Press: ? - help, Dir - move target, f/p - killer bee
Aim: a killer bee (moderately wounded, empty space bonus: 5/8)
The air twists around and strikes the killer bee!
You kill the killer bee!
Vehumet accepts your kill.
You feel sick. The killer bee stings you.
* * * LOW HITPOINT WARNING * * *
The killer bee completely misses you.
You miss the killer bee.
The killer bee is severely wounded.
You feel sick. The killer bee misses you. x2
Unknown command.
You miss the killer bee.
The killer bee is severely wounded.
You feel sick. The killer bee barely misses you. The killer bee stings you.
* * * LOW HITPOINT WARNING * * *
Unknown command.
Casting: Airstrike (dangerous; 3% risk of failure)
Confirm with . or Enter, or press ? or * to list all spells.
The killer bee is struck by an arc of lightning.
The killer bee is severely wounded.
You are struck by an arc of lightning.
* * * LOW HITPOINT WARNING * * *
The lightning grounds out.
You feel sick.
You are no longer poisoned.
The killer bee barely misses you. The killer bee stings you!
You die...

..# #.###.# ..#####
#.#.y.###### #.....#
#...#......#
#.....#####...# .#
#.....[.y§yy..# .#
#.....######..####.#
#.....# #..##...#
#.#y### #........
#.#@# ####..##..#. #
#.# #........... ..#
#.##.###.†#. .### #
#.# #.... .. #.#
#.### ## #.###.#
###.....#
####....))÷###
#.............


You could see a killer bee.

Vanquished Creatures
  A troll (D:9)
  Grinder (D:6)
  A shadow (D:8)
  4 yaks (D:9)
  2 wyverns (D:9)
  2 steam dragons (D:8)
  An orc warrior (D:9)
  An ice beast (D:8)
  A sky beast (D:7)
  3 black bears
  2 ogres
  3 phantoms
  A gnoll sergeant (D:6)
  A kobold brigand (D:5)
  A bullfrog (D:6)
  3 scorpions
  3 wights (D:9)
  4 killer bees (D:9)
  3 orc priests
  A hound (D:5)
  A jelly (D:5)
  7 orc wizards
  5 iguanas
  2 sleepcaps (D:4)
  3 gnolls (D:6)
  13 adders
  2 shadow imps
  2 white imps (D:6)
  An ufetubus (D:4)
  2 worms
  2 dart slugs (D:4)
  19 orcs
  7 endoplasms
  4 giant cockroaches
  9 goblins
  7 hobgoblins
  2 jackals (D:4)
  28 kobolds
  3 quokkas
  6 ball pythons
  3 bats
  5 frilled lizards
  4 rats
176 creatures vanquished.

Vanquished Creatures (others)
  12 plants (D:5)
12 creatures vanquished.

Grand Total: 188 creatures vanquished

Notes
Turn   | Place    | Note
-------+----------+-------------------------------------------
     0 | D:1      | 112233 the Human Air Elementalist began the quest for the
                  | Orb.
     0 | D:1      | Reached XP level 1. HP: 13/13 MP: 3/3
   202 | D:1      | Reached XP level 2. HP: 19/19 MP: 3/5
   608 | D:1      | Found Wolainez's General Store.
   851 | D:1      | Reached XP level 3. HP: 24/24 MP: 3/6
  1019 | D:1      | You fall into a shaft and drop 1 floor!
  1253 | D:2      | Identified the +2 ring mail "Eplis" {rC+ Regen+}
  1433 | D:2      | Reached XP level 4. HP: 30/30 MP: 1/9
  1945 | D:2      | Learned a level 2 spell: Static Discharge
  2202 | D:2      | Learned a level 3 spell: Swiftness
  2326 | D:3      | Reached XP level 5. HP: 35/35 MP: 8/11
  3305 | D:4      | Reached skill level 1 in Fighting
  3305 | D:4      | Reached skill level 3 in Dodging
  3482 | D:4      | Reached XP level 6. HP: 24/43 MP: 12/12
  3748 | D:4      | Noticed a black bear
  3759 | D:4      | Killed a black bear
  3885 | D:4      | Noticed an ogre
  3902 | D:4      | Killed an ogre
  3903 | D:4      | Reached skill level 4 in Dodging
  3903 | D:4      | Reached XP level 7. HP: 50/50 MP: 12/14
  4633 | D:4      | Identified the +7 hand axe "Wivuk" {flame, +Blink rElec
                  | MP-9 Int+6}
  4878 | D:5      | Entered Level 5 of the Dungeon
  4932 | D:5      | Reached skill level 5 in Spellcasting
  4936 | D:5      | Reached skill level 5 in Dodging
  5107 | D:5      | Reached XP level 8. HP: 30/58 MP: 1/15
  5832 | D:5      | Found a burning altar of Makhleb.
  5952 | D:5      | Learned a level 4 spell: Airstrike
  5990 | D:5      | Reached skill level 6 in Dodging
  6373 | D:6      | Noticed Grinder
  6384 | D:6      | Paralysed by Grinder for 5 turns
  7045 | D:6      | Reached skill level 5 in Air Magic
  7554 | D:6      | Reached skill level 7 in Dodging
  7554 | D:6      | Reached XP level 9. HP: 43/66 MP: 14/18
  7899 | D:6      | Killed Grinder
  8072 | D:7      | Found a staircase to the Ecumenical Temple.
  8079 | D:7      | Reached skill level 5 in Fighting
  8093 | Temple   | Entered the Ecumenical Temple
  8315 | Temple   | Became a worshipper of Vehumet
  8439 | D:7      | Found a snail-covered altar of Cheibriados.
  8441 | D:7      | Found a bloodstained altar of Trog.
  8443 | D:7      | Found an iron altar of Okawaru.
  8448 | D:7      | Found an ancient bone altar of Kikubaaqudgha.
  8461 | D:7      | Reached skill level 8 in Dodging
  8466 | D:7      | Found a hide-covered altar of Uskayaw.
  8557 | D:7      | Found a basalt altar of Yredelemnul.
  8559 | D:7      | Found a blossoming altar of Fedhas.
  8560 | D:7      | Found a shadowy altar of Dithmenos.
 10545 | D:9      | Reached skill level 9 in Dodging
 10596 | D:9      | Reached XP level 10. HP: 70/76 MP: 1/20
 10746 | D:9      | Reached * piety under Vehumet
 10746 | D:9      | Offered knowledge of Kiss of Death by Vehumet.
 11221 | D:9      | Reached skill level 10 in Dodging
 11242 | D:9      | Slain by a killer bee

Illustrated notes

Levels and vault maps discovered:
D:1:      dpeg_arrival_fog, layout_basic, serial_shops, nicolae_shop_crystal
D:2:      layout_rooms, chequers_serial_rivers_room_b, minmay_pentomino_q2
D:3:      layout_basic, mrwooster_statue_mirror,
          wander_ebering_terrifying_dragon_lair
D:4:      layout_basic
D:5:      kennysheep_kobold_camp, layout_loops_corners,
          lemuel_coloured_pillars_altar, minmay_strange_pillars
D:6:      layout_rooms, enter_ossuary_5, uniq_grinder
D:7:      layout_rooms, nicolae_overflow_hallway_of_the_gods,
          minmay_temple_entry_stoned_glass
D:8:      layout_cave_pools
D:9:      layout_loops_ring, minmay_misc_feat_alley
Temple:   nicolae_temple_figure_eight

Skill      XL: |  1  2  3  4  5  6  7  8  9 10 |
---------------+-------------------------------+-----
Spellcasting   | 3 4 5 6 7 |  7.8
Fighting       | 1 2 3 4 5 6 |  6.7
Dodging        | 3 4 5 7 9 10 | 10.1
Air Magic      | 4 5 6 7 |  7.5
Stealth        | |  2.1
Conjurations   | |  1.2

Action                     |  1- 3 |  4- 6 |  7- 9 | 10-12 || total
---------------------------+-------+-------+-------+-------++-------
  Melee: Unarmed           |     3 |     8 |       |       ||    11
         Falchion          |       |     9 |     1 |       ||    10
         Lance             |       |       |   141 |    14 ||   155
         Dagger            |       |       |     5 |       ||     5
         Punch             |       |       |     1 |       ||     1
   Cast: Shock             |    65 |    99 |    94 |     7 ||   265
         Static Discharge  |       |     9 |    35 |     8 ||    52
         Airstrike         |       |       |    19 |    12 ||    31
  Evoke: Wand              |       |     4 |     7 |     1 ||    12
    Use: Potion            |     1 |     9 |     5 |     5 ||    20
         Scroll            |       |       |     3 |     3 ||     6
   Stab: Sleeping          |       |       |     1 |       ||     1
         Distracted        |       |       |     1 |       ||     1
 Armour: Robe              |     1 |    13 |    37 |     5 ||    56
         Skin              |       |    23 |       |       ||    23
  Dodge: Dodged            |    10 |    31 |   190 |    69 ||   300

Table legend: (Time is in decaauts)
 A = Elapsed time spent in this place.
 B = Non-inter-level travel time spent in this place.
 C = Inter-level travel time spent in this place.
 D = Time resting spent in this place.
 E = Time spent auto-exploring this place.
 F = Levels seen in this place.
 G = Mean time per level.
                   A        B        C        D        E       F      G
               +--------+--------+--------+--------+--------+-----+--------+
         Total |  11345 |  11026 |    319 |   2769 |   6924 |  10 | 1134.5 |
       Dungeon |  11110 |  10803 |    307 |   2769 |   6707 |   9 | 1234.4 |
        Temple |    234 |    222 |     12 |      0 |    217 |   1 |  234.0 |
               +--------+--------+--------+--------+--------+-----+--------+

Top non-repeatable levels by time:
     D:5: 2086 daAuts
     D:4: 1464 daAuts
     D:7: 1328 daAuts
     D:3: 1217 daAuts
     D:2: 1190 daAuts
     D:6: 1163 daAuts
     D:1: 1019 daAuts
     D:8: 848 daAuts
     D:9: 793 daAuts
  Temple: 234 daAuts
